 Dungeon Crawl Stone Soup version 0.30-a0-122-g2a1322497e (webtiles) character file.

Game seed: 8647325426305753876

245 Zonian the Chiller (level 5, 0/35 HPs)
             Began as a Demonspawn Ice Elementalist on Sept 16, 2022.
             Splashed by a jelly's acid (8 damage)
             ... on level 3 of the Dungeon.
             The game lasted 00:08:49 (5138 turns).

Zonian the Chiller (Demonspawn Ice Elementalist)    Turns: 5138, Time: 00:08:49

Health: 0/35       AC: -9    Str:  9    XL:     5   Next: 83%
Magic:  6/9        EV: 12    Int: 18    God:
Gold:   101        SH:  0    Dex: 13    Spells: 6/10 levels left

rFire   . . .      SeeInvis .    c - +1 dagger (speed)
rCold   . . .      Faith    .    (no shield)
rNeg    + . .      Spirit   .    a - +0 robe
rPois   .          Reflect  .    (no helmet)
rElec   .          Harm     .    (no cloak)
rCorr   .          Rampage  .    l - +0 pair of gloves
Will    .....                    (no boots)
Stlth   ++........               (no amulet)
HPRegen 0.11/turn                o - ring of positive energy
MPRegen 0.11/turn                (no ring)

@: corroded
A: demonic magic 2
a: no special abilities


You were on level 3 of the Dungeon.
You visited 1 branch of the dungeon, and saw 3 of its levels.

You collected 101 gold pieces.

Inventory:

Hand Weapons
 c - a +1 dagger of speed (weapon)
 d - a +0 dagger
 r - a +0 short sword
Armour
 a - a +0 robe (worn)
 f - an orb of energy
 l - a +0 pair of gloves (worn)
 m - the +4 ring mail of Mental Paralysis {rC+++ Will- Regen+ Int+4}
   (You found it on level 2 of the Dungeon)

   Int:       It affects your intelligence (+4).
   rC:        It renders you almost immune to cold.
   Regen:     It increases your rate of health regeneration.
   Will:      It decreases your willpower.
Jewellery
 o - a ring of positive energy (left hand)
Scrolls
 g - 2 scrolls of vulnerability
 i - 2 scrolls of enchant weapon
Potions
 b - a potion of magic
 e - a potion of resistance {unknown}
 h - a potion of heal wounds
 j - 2 potions of curing
 n - a potion of lignification {unknown}
 p - a potion of haste {unknown}
 q - 2 potions of mutation {unknown}


   Skills:
 + Level 3.0 Dodging
 + Level 3.2 Stealth
 + Level 3.1 Spellcasting
 + Level 4.3 Ice Magic
 - Level 1.7 Evocations


You had 6 spell levels left.
You knew the following spells:

 Your Spells              Type           Power      Damage    Failure   Level
a - Freeze                Ice            72%        1d9       2%          1
b - Frozen Ramparts       Ice            36%        1d6       8%          3

Your spell library contained the following spells:

 Spells                   Type           Power      Damage    Failure   Level
 Ozocubu's Armour         Ice            18%        N/A       8%          3
 Sublimation of Blood     Necr           2%         N/A       24%         2
 Hailstorm                Conj/Ice       10%        3d5       54%         4
 Lightning Bolt           Conj/Air       1%         1d12      99%         5
 Simulacrum               Ice/Necr       5%         N/A       100%        6
 Ozocubu's Refrigeration  Ice            9%         4d9       100%        7


Dungeon Overview and Level Annotations

Branches:
Dungeon (3/15)

Altars:
Okawaru

Shops:
D:2 !

Annotations:
D:3 Grinder, Ijyb


Innate Abilities, Weirdness & Mutations

Spells you cast may paralyse nearby enemies.


Message History

You climb downwards.
Level annotation: Grinder, Ijyb
There is a stone staircase leading up here.
Unknown command.
You see here a +0 club.
You see here 3 stones.
Found a long sword.
An adder comes into view.
The adder hisses angrily.
A jelly comes into view.
The giant cockroach barely misses you.
You freeze the giant cockroach.
The giant cockroach is severely wounded.
Malevolent energies surge around you.
The giant cockroach bites you but does no damage.
You freeze the giant cockroach.
You kill the giant cockroach!
Malevolent energies surge around you.
The adder suddenly stops moving!
Unknown command.
The helpless adder fails to defend itself.
You puncture the adder!
You kill the adder!
Unknown command.
You can't see any susceptible monsters within range! (Use Z to cast anyway.)
You can't see any susceptible monsters within range! (Use Z to cast anyway.) Unknown command.
The jelly hits you. The acid corrodes you!
You are splashed with acid!
You see here an adder corpse.
You freeze the jelly.
The jelly is lightly wounded.
Malevolent energies surge around you. The jelly hits you.
The acid corrodes you!
You are splashed with acid!
You are too injured to fight recklessly!
Unknown command.
You hit the jelly but do no damage. The acid corrodes you!
Your hands burn!
The jelly is lightly wounded.
The jelly hits you.
* * * LOW HITPOINT WARNING * * *
You are splashed with acid!
You die...

#(#..........# #.......
#.#..........#
l#......#.#####
#÷÷.........##
..........
.............. ...... ..
.##.........######......
............#...........
........................
........................
###.........#...@J.)....
#.........#..†........
###########...........
#...........
######...... ......
#..... #....


You could see a jelly and a frilled lizard.

Vanquished Creatures
  Terence (D:2)
  Natasha (thrice) (D:2)
  An orc wizard (D:3)
  5 adders
  2 dart slugs (D:1)
  4 orcs (D:3)
  7 bats
  5 endoplasms
  3 giant cockroaches
  5 goblins
  A hobgoblin (D:1)
  4 jackals (D:2)
  5 kobolds
  3 quokkas (D:1)
  8 ball pythons
  6 frilled lizards
  6 rats
69 creatures vanquished.

Notes
Turn   | Place    | Note
-------+----------+-------------------------------------------
     0 | D:1      | Zonian the Demonspawn Ice Elementalist began the quest for
                  | the Orb.
     0 | D:1      | Reached XP level 1. HP: 13/13 MP: 3/3
   414 | D:1      | Gained mutation: Spells you cast may paralyse adjacent
                  | enemies. [demonic ancestry]
   414 | D:1      | Reached XP level 2. HP: 6/19 MP: 0/5
  1666 | D:1      | Reached XP level 3. HP: 23/24 MP: 3/6
  2168 | D:1      | Found a faded altar of an unknown god.
  2549 | D:2      | Noticed Terence
  2556 | D:2      | Killed Terence
  2557 | D:2      | Reached skill level 4 in Ice Magic
  2557 | D:2      | Gained mutation: Spells you cast may paralyse nearby
                  | enemies. [demonic ancestry]
  2557 | D:2      | Reached XP level 4. HP: 30/30 MP: 1/7
  2561 | D:2      | Learned a level 3 spell: Frozen Ramparts
  2898 | D:1      | Reached skill level 1 in Evocations
  3472 | D:2      | Found Biytikk's Distillery.
  3542 | D:2      | Identified the +4 ring mail of Mental Paralysis {rC+++
                  | Will- Regen+ Int+4}
  3630 | D:2      | Noticed Natasha
  3638 | D:2      | Killed Natasha
  3839 | D:2      | Noticed Natasha
  3846 | D:2      | Killed Natasha
  3847 | D:2      | Reached XP level 5. HP: 23/35 MP: 5/9
  4019 | D:2      | Noticed Natasha
  4133 | D:2      | Killed Natasha
  4423 | D:3      | Found an iron altar of Okawaru.
  4608 | D:3      | Noticed Grinder
  4865 | D:3      | Got the Omnibus of the Wind and Evil Rites
  4871 | D:3      | Noticed Ijyb
  5138 | D:3      | Splashed by a jelly's acid

Illustrated notes

Levels and vault maps discovered:
D:1:      lightli_arrival_isolated_outpost, layout_basic,
          chequers_ecumenical_altar_grove
D:2:      layout_rooms, serial_shops, nicolae_diamond_shop, serial_glass,
          glass_columns_c, glass_columns_c, glass_columns_b, glass_columns_c,
          uniq_natasha, uniq_terence
D:3:      layout_rooms, okawaru_ov_weapons_minmay, uniq_grinder, uniq_ijyb

Skill      XL: |  1  2  3  4  5 |
---------------+----------------+-----
Dodging        | 2 3 |  3.0
Stealth        | 2 3 |  3.2
Ice Magic      | 4 |  4.3
Evocations     | 1 |  1.7
Spellcasting   | 3 |  3.1

Action                   |  1- 3 |  4- 6 || total
-------------------------+-------+-------++-------
Melee: Unarmed           |    10 |       ||    10
       Dagger            |    34 |    34 ||    68
 Cast: Freeze            |    48 |    44 ||    92
       Frozen Ramparts   |       |     1 ||     1
  Use: Scroll            |       |     7 ||     7
 Stab: Paralysed         |     1 |    13 ||    14
Armor: Robe              |    11 |    17 ||    28
Dodge: Dodged            |    35 |    31 ||    66

Table legend: (Time is in decaauts)
 A = Elapsed time spent in this place.
 B = Non-inter-level travel time spent in this place.
 C = Inter-level travel time spent in this place.
 D = Time resting spent in this place.
 E = Time spent auto-exploring this place.
 F = Levels seen in this place.
 G = Mean time per level.
                   A        B        C        D        E       F      G
               +--------+--------+--------+--------+--------+-----+--------+
         Total |   5145 |   5039 |    106 |   2666 |   1662 |   3 | 1715.0 |
       Dungeon |   5145 |   5039 |    106 |   2666 |   1662 |   3 | 1715.0 |
               +--------+--------+--------+--------+--------+-----+--------+

Top non-repeatable levels by time:
     D:1: 3308 daAuts
     D:2: 1316 daAuts
     D:3: 520 daAuts
